 Dungeon Crawl Stone Soup version 0.31-a0-949-g57150269e1 (webtiles) character file.

Game seed: 13003095659204234249

188 Getoffmy the Shield-Bearer (level 6, -4/48 HPs)
             Began as a Formicid Fighter on Oct 21, 2023.
             Slain by a scorpion (6 damage)
             ... on level 4 of the Dungeon on Oct 22, 2023.
             The game lasted 00:07:11 (3329 turns).

Getoffmy the Shield-Bearer (Formicid Fighter)       Turns: 3329, Time: 00:07:12

Health: -4/48      AC:  8    Str: 20 (23) XL:     6   Next: 0%
Magic:  6/6        EV:  9    Int:  6 (7)  God:
Gold:   154        SH:  5    Dex: 10 (13) Spells: 5/5 levels left

rFire   . . .        a - +0 trident
rCold   . . .        c - +0 buckler
rNeg    . . .        b - +0 scale mail
rPois   .            (helmet unavailable)
rElec   .            (no cloak)
rCorr   .            n - +0 pair of gloves
SInv    +            (no boots)
Will    .....        (no amulet) Stlth
                     (no ring)
HPRegen 0.28/turn    (no ring)
MPRegen 0.10/turn

%: no passive effects
@: mighty, attractive
A: permanent stasis, dig shafts and tunnels, antennae 3, four strong arms
a: Dig, Shaft Self


You were on level 4 of the Dungeon.
You visited 1 branch of the dungeon, and saw 4 of its levels.

You collected 154 gold pieces.

Inventory:

Hand Weapons
 a - a +0 trident (weapon)
Missiles
 p - 6 poisoned darts
 s - 3 javelins
Armour
 b - a +0 scale mail (worn)
 c - a +0 buckler (worn)
 n - a +0 pair of gloves (worn)
Jewellery
 g - an amulet of magic regeneration
Scrolls
 f - 4 scrolls of identify {unknown}
 j - 2 scrolls of brand weapon {unknown}
 k - 5 scrolls of fog {unknown}
 m - 2 scrolls of revelation {unknown}
 o - a scroll of fear {unknown}
 q - 2 scrolls of teleportation {unknown}
 r - a scroll of noise {unknown}
 t - a scroll of immolation {unknown}
 v - a scroll of enchant armour {unknown}
Potions
 d - a potion of might
 e - 2 potions of heal wounds {unknown}
 h - 3 potions of curing
 i - a potion of attraction
 l - a potion of degeneration
 u - a potion of lignification {unknown}


   Skills:
 + Level 4.1 Fighting
 * Level 3.9 Polearms
 + Level 4.2 Armour
 + Level 5.0 Shields


You had 5 spell levels left.
You didn't know any spells.
Your spell library contained the following spells:

 Spells                   Type           Power      Damage    Failure   Level
 Ensorcelled Hibernation  Hex/Ice        0%         N/A       94%         2
 Passwall                 Tmut/Erth      0%         N/A       94%         2
 Swiftness                Air            Unusable   N/A       N/A         3

Dungeon Overview and Level Annotations

Branches:
Dungeon (4/15)
 Temple: D:4-7

Altars:
Ashenzari
Dithmenos
Kikubaaqudgha
Okawaru
Qazlal
Zin


Innate Abilities, Weirdness & Mutations

You cannot be hasted, slowed, berserked, paralysed or teleported.
You can dig through walls and to a lower floor.
You have a pair of large antennae on your head. (SInv)
Your four strong arms can wield two-handed weapons with a shield.


Message History

The scorpion poisons you! The scorpion stings you.
You are more poisoned.
The scorpion poisons you!
You feel extremely sick.
You feel very sick. The scorpion stings you.
You are lethally poisoned!
The scorpion poisons you!
You feel very sick. The scorpion barely misses you.
You feel very sick.
You feel very mighty all of a sudden.
* * * LOW HITPOINT WARNING * * *
You feel very sick.
The scorpion stings you but does no damage.
The scorpion stings you.
* * * LOW HITPOINT WARNING * * *
You closely miss the scorpion.
The scorpion is heavily wounded.
* * * LOW HITPOINT WARNING * * *
You feel very sick.
The scorpion barely misses you. x2; The scorpion stings you.
* * * LOW HITPOINT WARNING * * *
You are more poisoned.
The scorpion poisons you!
It was a potion of curing.
You feel better. You block the scorpion's attack. The scorpion stings you.
* * * LOW HITPOINT WARNING * * *
The scorpion stings you but does no damage.
Unknown command.
It was a potion of degeneration.
There was something very wrong with that liquid.
You feel weakened.
You feel dopey.
You feel clumsy. The scorpion stings you.
* * * LOW HITPOINT WARNING * * *
The scorpion stings you but does no damage.
It was a potion of attraction.
You feel attractive to monsters. The scorpion stings you.
You die...

#......... ##.........
#....$... #.....#
##[...# #.....##
#......# ##...ss#
#.....@+ #......#
#.....## #####.....##.
##...#.........
#...............
#...............
#..........######
#..........##...########


You could see 2 scorpions.

Vanquished Creatures
  A jelly (D:3)
  Jessica (D:2)
  2 adders (D:3)
  3 worms
  3 dart slugs
  7 orcs (D:3)
  5 endoplasms
  3 giant cockroaches
  10 goblins
  6 hobgoblins
  12 jackals
  5 kobolds
  3 quokkas
  5 ball pythons (D:1)
  7 bats
  3 frilled lizards
  7 rats
  2 rat zombies (D:3)
85 creatures vanquished.

Notes
Turn   | Place    | Note
-------+----------+-------------------------------------------
     0 | D:1      | Getoffmy the Formicid Fighter began the quest for the Orb.
     0 | D:1      | Reached XP level 1. HP: 18/18 MP: 1/1
    63 | D:1      | Reached XP level 2. HP: 24/24 MP: 2/2
   123 | D:1      | Reached XP level 3. HP: 29/29 MP: 3/3
   632 | D:1      | Reached XP level 4. HP: 30/37 MP: 4/4
  1259 | D:2      | Found a broken altar of Ashenzari.
  1696 | D:2      | Noticed Jessica
  1698 | D:2      | Killed Jessica
  2063 | D:3      | Reached XP level 5. HP: 42/42 MP: 5/5
  2146 | D:3      | Found a glowing silver altar of Zin.
  2147 | D:3      | Found a stormy altar of Qazlal.
  2514 | D:3      | Found an iron altar of Okawaru.
  2561 | D:3      | Found an ancient bone altar of Kikubaaqudgha.
  2715 | D:3      | Reached skill level 5 in Shields
  3189 | D:4      | Found a shadowy altar of Dithmenos.
  3304 | D:4      | Reached XP level 6. HP: 48/48 MP: 6/6
  3326 | D:4      | HP: 1/48 [scorpion (3)]
  3329 | D:4      | Slain by a scorpion

Illustrated notes

Levels and vault maps discovered:
D:1:      onia_arrival_pyramid, layout_rooms, due_unseen_surprise
D:2:      layout_loops_ring, basic_altar,
          nicolae_concentric_dashed_squares_wild, uniq_jessica
D:3:      kennysheep_six_static_rooms, layout_loops_ring,
          nicolae_overflow_hidden_temple, lemuel_zombie_altar_kikubaaqudgha,
          nicolae_overflow_squiral
D:4:      layout_gridville, grunt_dithmenos_smoke_and_mirrors

Skill      XL: |  1  2  3  4  5 |
---------------+----------------+-----
Polearms       | 3 |  3.9
Armour         | 4 |  4.2
Fighting       | 4 |  4.1
Shields        | 5 |  5.0

Action                     |  1- 3 |  4- 6 || total
---------------------------+-------+-------++-------
  Melee: Trident           |    95 |   133 ||   228
    Use: Potion            |       |     4 ||     4
 Armour: Scale mail        |    97 |    77 ||   174
  Dodge: Dodged            |    58 |    48 ||   106
  Block: Buckler           |    37 |    25 ||    62

Table legend: (Time is in decaauts)
 A = Elapsed time spent in this place.
 B = Non-inter-level travel time spent in this place.
 C = Inter-level travel time spent in this place.
 D = Time resting spent in this place.
 E = Time spent auto-exploring this place.
 F = Levels seen in this place.
 G = Mean time per level.
                   A        B        C        D        E       F      G
               +--------+--------+--------+--------+--------+-----+--------+
         Total |   3369 |   3113 |    256 |    714 |   1802 |   4 |  842.2 |
       Dungeon |   3369 |   3113 |    256 |    714 |   1802 |   4 |  842.2 |
               +--------+--------+--------+--------+--------+-----+--------+

Top non-repeatable levels by time:
     D:1: 1277 daAuts
     D:3: 1131 daAuts
     D:2: 785 daAuts
     D:4: 175 daAuts
